Map: Ascension to Aiur LE

Players

Harstem

  • Race: Protoss Protoss
  • Spawn Location: 5:00

Optimus - Winner!

  • Race: Terran Terran
  • Spawn Location: 11:00

Event: WCS Valencia 2017

VOD

Have the link to the VOD?

Description

Time

  • Played on: July 13, 2017, 1:54 p.m.
  • Length: 11:00

All games in this series

Show
View Real Time Build Order
Export as new Build Order

Harstem Protoss 

Build Orders: 1 Gate Expand, Oracle Opening 

Get SALT Encoding   

  12  0:01  Probe (Chrono Boost)  
  13  0:11  Probe (Chrono Boost)  
  14  0:18  Pylon  
  14  0:22  Probe (Chrono Boost)  
  15  0:36  Probe (Chrono Boost)  
  15  0:37  Gateway  
  16  0:46  Probe (Chrono Boost)  
  16  0:47  Assimilator  
  17  0:57  Probe (Chrono Boost)  
  18  1:08  Probe (Chrono Boost)  
  20  1:18  Probe (Chrono Boost)  
  20  1:25  Nexus  
  20  1:33  Cybernetics Core  
  20  1:36  Probe (Chrono Boost)  
  21  1:42  Assimilator  
  22  1:47  Probe (Chrono Boost)  
  22  1:51  Pylon  
  22  1:57  Probe (Chrono Boost)  
  23  2:09  Probe (Chrono Boost), Adept (Chrono Boost)  
  26  2:19  Stargate  
  26  2:20  Probe  
  27  2:29  Warp Gate  
  27  2:33  Probe  
  27  2:34  Adept (Chrono Boost)  
  27  2:36  Probe  
  31  2:45  Probe  
  31  2:47  Probe  
  33  2:56  Probe (Chrono Boost)  
  34  2:58  Probe (Chrono Boost)  
  34  3:00  Oracle (Chrono Boost)  
  38  3:08  Probe, Adept (Chrono Boost)  
  38  3:10  Probe  
  42  3:20  Probe  
  42  3:21  Gateway  
  42  3:22  Probe  
  42  3:24  Gateway  
  43  3:32  Probe  
  43  3:34  Probe  
  44  3:44  Probe  
  44  3:47  Probe  
  46  4:03  Pylon  
  46  4:16  Oracle, Nexus  
  46  4:18  Pylon  
  46  4:21  Probe x2  
  47  4:33  Probe x2  
  48  4:39  Stalker  
  48  4:43  Pylon  
  52  4:46  Probe (Chrono Boost)  
  52  4:48  Stalker x2  
  52  4:50  Mothership Core (Chrono Boost)  
  57  4:59  Probe (Chrono Boost)  
  54  5:08  Stalker  
  54  5:09  Probe (Chrono Boost)  
  54  5:11  Probe (Chrono Boost)  
  54  5:12  Stalker x2  
  61  5:19  Probe (Chrono Boost)  
  58  5:23  Probe (Chrono Boost)  
  59  5:30  Probe (Chrono Boost)  
  59  5:31  Stalker  
  59  5:34  Probe (Chrono Boost)  
  63  5:38  Nexus  
  63  5:40  Probe (Chrono Boost), Assimilator  
  64  5:44  Assimilator  
  64  5:46  Probe (Chrono Boost), Pylon  
  64  5:49  Forge  
  65  5:51  Probe (Chrono Boost)  
  62  5:57  Probe (Chrono Boost)  
  62  6:01  Probe (Chrono Boost)  
  63  6:07  Probe (Chrono Boost)  
  63  6:08  Twilight Council  
  64  6:12  Probe (Chrono Boost)  
  64  6:18  Probe (Chrono Boost)  
  66  6:23  Probe (Chrono Boost)  
  67  6:27  Sentry, Adept x2  
  67  6:28  Probe (Chrono Boost), Protoss Ground Weapons Level 1 (Chrono Boost)  
  74  6:33  Probe (Chrono Boost)  
  73  6:41  Probe (Chrono Boost)  
  73  6:44  Probe (Chrono Boost), Blink (Chrono Boost)  
  73  6:45  Robotics Facility  
  75  6:54  Stalker x3  
  75  6:57  Pylon  
  75  6:59  Probe  
  80  7:04  Gateway  
  80  7:14  Oracle (Chrono Boost)  
  76  7:18  Probe  
  76  7:19  Stalker x3  
  76  7:21  Probe  
  87  7:26  Gateway  
  87  7:27  Gateway  
  88  7:37  Probe  
  88  7:39  Observer (Chrono Boost)  
  88  7:41  Probe  
  88  7:44  Forge  
  90  7:46  Gateway  
  90  7:47  Sentry  
  90  7:48  Zealot x2  
  90  7:49  Gateway  
  96  7:52  Pylon  
  96  7:54  Probe  
  96  7:56  Probe  
  96  7:58  Pylon  
  98  7:59  Pylon  
  98  8:00  Warp Prism (Chrono Boost)  
  100  8:09  Probe  
  100  8:11  Photon Cannon  
  101  8:18  Stalker x2  
  101  8:19  Probe x2  
  107  8:20  Assimilator  
  107  8:22  Protoss Ground Armor Level 1  
  107  8:23  Protoss Ground Weapons Level 2  
  107  8:26  Zealot x2  
  111  8:27  Assimilator  
  111  8:30  Pylon  
  111  8:31  Probe  
  111  8:32  Probe  
  113  8:35  Observer (Chrono Boost), Charge  
  113  8:40  Probe  
  115  8:43  Zealot x2  
  119  8:48  Zealot x2  
  127  8:55  Immortal (Chrono Boost)  
  127  8:56  Pylon  
  127  8:59  Pylon  
  127  9:09  Zealot x4  
  133  9:11  Pylon  
  133  9:19  Pylon  
  133  9:24  Pylon  
  133  9:29  Probe  
  135  9:31  Immortal (Chrono Boost)  
  135  9:36  Stalker x2  
  135  9:37  Stalker x2  
  141  9:44  Probe  
  141  9:45  Probe  
  140  9:48  Pylon  
  140  9:50  Zealot x2  
  142  9:58  Probe  
  135  10:00  Pylon, Probe  
  135  10:03  Zealot x4  
  135  10:06  Immortal (Chrono Boost)  
  138  10:12  Pylon  
  133  10:16  Pylon, Templar Archives  
  126  10:24  Zealot x6  
  113  10:34  Probe  
  87  10:45  Zealot x2  
  77  10:55  High Templar x2  
  77  10:56  High Templar x2  
Show
View Real Time Build Order
Export as new Build Order

Optimus Terran - Winner!

Build Orders: Cyclone Opening, Reaper Expand, MMM Bio 

Get SALT Encoding   

  12  0:00  SCV  
  13  0:12  SCV  
  14  0:17  Supply Depot  
  14  0:25  SCV  
  15  0:29  Refinery  
  15  0:38  SCV  
  16  0:44  Barracks  
  16  0:50  SCV  
  17  1:02  SCV  
  18  1:14  SCV  
  19  1:31  Orbital Command  
  19  1:32  Reaper  
  20  1:44  Command Center  
  20  1:54  Factory  
  20  1:58  SCV  
  21  2:06  Barracks Reactor  
  21  2:10  Supply Depot  
  21  2:11  Supply Depot  
  21  2:13  SCV  
  22  2:20  Refinery  
  22  2:25  SCV  
  23  2:39  SCV  
  23  2:44  Marine x2  
  25  2:47  Cyclone  
  29  2:52  SCV  
  29  2:55  Orbital Command  
  30  3:01  Marine x2  
  33  3:05  SCV  
  33  3:11  Engineering Bay  
  33  3:17  SCV  
  34  3:24  SCV  
  34  3:26  Marine  
  36  3:32  Cyclone  
  36  3:33  Cyclone  
  42  3:37  SCV  
  42  3:38  SCV  
  43  3:49  SCV  
  43  3:50  SCV  
  41  3:57  Marine  
  41  4:00  Missile Turret  
  41  4:01  SCV, Missile Turret  
  41  4:02  SCV  
  44  4:13  SCV  
  44  4:14  SCV  
  46  4:17  Supply Depot  
  46  4:31  SCV  
  46  4:32  SCV  
  46  4:34  Marine  
  46  4:37  Supply Depot  
  46  4:38  Widow Mine  
  45  4:43  SCV, Widow Mine  
  45  4:44  Barracks  
  45  4:45  SCV  
  51  4:54  Barracks Tech Lab  
  51  4:55  Barracks  
  51  4:56  SCV  
  51  4:57  SCV  
  52  5:08  SCV  
  52  5:11  SCV  
  53  5:15  Barracks x2  
  53  5:20  SCV  
  49  5:22  Factory Reactor  
  49  5:23  SCV  
  49  5:25  Marine  
  49  5:26  Stimpack  
  43  5:32  Bunker, Starport  
  43  5:36  SCV x2  
  43  5:37  Terran Infantry Weapons Level 1  
  45  5:44  Barracks Tech Lab, Refinery  
  45  5:45  Marine x2  
  45  5:46  Marine  
  45  5:48  SCV  
  49  5:50  SCV  
  49  6:02  Marine x2  
  49  6:03  Marine x3  
  53  6:05  Marauder, SCV  
  53  6:06  SCV, Factory Tech Lab  
  55  6:11  Combat Shields  
  55  6:16  Supply Depot  
  55  6:17  SCV  
  55  6:18  SCV  
  54  6:19  Medivac x2  
  52  6:27  Siege Tank  
  52  6:29  SCV  
  52  6:30  SCV  
  56  6:35  Marine x2  
  56  6:38  Marine x2  
  56  6:41  SCV  
  56  6:42  SCV  
  56  6:43  Supply Depot  
  56  6:44  Marine x2  
  56  6:53  SCV  
  55  6:54  SCV  
  55  6:57  Marine  
  55  7:02  Marauder  
  55  7:05  SCV  
  55  7:06  Marine  
  55  7:07  SCV  
  56  7:14  Marine  
  56  7:15  Marine  
  57  7:17  SCV  
  57  7:18  Barracks Tech Lab  
  57  7:19  SCV  
  57  7:20  Siege Tank  
  57  7:21  Barracks Reactor  
  61  7:28  Medivac x2, Concussive Shells  
  61  7:29  SCV  
  66  7:31  SCV, Supply Depot  
  66  7:34  Marine x2  
  66  7:35  Marauder  
  71  7:39  Marauder  
  71  7:41  SCV  
  71  7:44  Marauder, SCV  
  77  7:52  Siege Tank, Supply Depot  
  77  7:54  SCV, Marine x2  
  77  7:56  SCV  
  86  8:05  Marauder x2, Supply Depot  
  86  8:11  Supply Depot  
  86  8:14  Marauder, Marine x4  
  86  8:18  Medivac  
  94  8:27  Marauder, Marine  
  94  8:32  Marine, Medivac  
  100  8:36  Marauder, Marine x2  
  100  8:37  Marine  
  100  8:39  Supply Depot  
  100  8:40  Supply Depot  
  105  8:44  Siege Tank  
  105  8:45  Marauder  
  105  8:48  Supply Depot  
  110  8:49  Marine x2  
  112  8:56  Supply Depot  
  112  8:57  Marine  
  112  8:58  Marauder  
  112  8:59  Marine x2  
  117  9:08  Marauder x2, Marine  
  119  9:17  Medivac  
  119  9:18  Marine x3  
  119  9:23  Supply Depot  
  126  9:24  Marauder  
  126  9:26  Marine  
  127  9:36  Marine x2  
  127  9:37  Siege Tank  
  133  9:38  Marauder  
  133  9:40  Marine x2  
  135  9:48  Marauder  
  137  9:53  Liberator  
  137  9:57  Marine x2  
  137  9:59  Marauder  
  134  10:01  Marauder  
  134  10:05  Marine x2  
  135  10:10  Siege Tank  
  135  10:13  Marine  
  138  10:15  Marine  
  129  10:30  Marine x2  
  125  10:41  Marine x2  
  99  10:53  Command Center  
Tags
 
Add a new tag
Caveats
  • Supply blocks, unpowered buildings, or Contaminate may cause inaccurate times.
  • Supply counts are checked every 10 seconds.